 Dungeon Crawl Stone Soup version 0.29.1-12-g30fa7ad0bf (webtiles) character file.

Game seed: 6447687100046208640

877 QueenGhuleh the Chopper (level 7, -7/64 HPs)
             Began as a Minotaur Berserker on Oct 11, 2022.
             Was a Priest of Trog.
             Mangled by an iguana (9 damage)
             ... on level 5 of the Dungeon on Jan 9, 2023.
             The game lasted 00:12:22 (4174 turns).

QueenGhuleh the Chopper (Minotaur Berserker)        Turns: 4174, Time: 00:12:22

Health: -7/64      AC: 10    Str: 24    XL:     7   Next: 75%
Magic:  6/6        EV:  9    Int:  4    God:    Trog [***...]
Gold:   240        SH:  0    Dex:  9    Spells: 6/6 levels left

rFire   . . .      SeeInvis .   z - +0 halberd
rCold   . . .      Faith    .   (shield currently unavailable)
rNeg    . . .      Spirit   .   e - +0 chain mail
rPois   .          Reflect  .   (helmet restricted)
rElec   .          Harm     .   (no cloak)
rCorr   .          Rampage  .   (no gloves)
Will    .....                   (no boots)
Stlth   ..........              (no amulet)
HPRegen 0.20/turn               (no ring)
MPRegen 0.10/turn               (no ring)

@: no status effects
A: horns 2, retaliatory headbutt
a: Renounce Religion, Berserk, Trog's Hand


You were on level 5 of the Dungeon.
You worshipped Trog.
Trog was most pleased with you.
You visited 1 branch of the dungeon, and saw 4 of its levels.

You collected 240 gold pieces.

Inventory:

Hand Weapons
 a - a +0 hand axe
 z - a +0 halberd (weapon)
Armour
 e - a +0 chain mail (worn)
Jewellery
 j - a ring of magical power
 m - a ring of magical power
 y - a ring of magical power
Wands
 x - a wand of polymorph (11)
 A - a wand of paralysis (5)
Scrolls
 b - a scroll of brand weapon {unknown}
 c - 2 scrolls of amnesia {unknown}
 d - a scroll of immolation {unknown}
 f - a scroll of vulnerability {unknown}
 k - 2 scrolls of noise {unknown}
 l - 2 scrolls of fog {unknown}
 n - a scroll of teleportation {unknown}
 q - a scroll of enchant armour {unknown}
 r - 2 scrolls of identify {unknown}
 s - a scroll of blinking {unknown}
 u - a scroll of magic mapping {unknown}
 w - a scroll of enchant weapon {unknown}
Potions
 g - a potion of mutation {unknown}
 h - 2 potions of attraction {unknown}
 i - a potion of might {unknown}
 o - a potion of cancellation {unknown}
 p - 5 potions of curing {unknown}
 t - a potion of lignification {unknown}
 v - a potion of flight {unknown}


   Skills:
 + Level 6.4 Fighting
 + Level 7.1(7.2) Axes
 + Level 1.2(4.6) Polearms
 + Level 6.4 Armour
 + Level 3.3 Dodging


You had 6 spell levels left.
You didn't know any spells.
Your spell library was empty.

Dungeon Overview and Level Annotations

Branches:
Dungeon (5/15)
 Temple: D:4-7

Altars:
Ashenzari
Gozag
Hepliaklqana
Vehumet
Yredelemnul


Innate Abilities, Weirdness & Mutations

You have a pair of horns on your head.
You reflexively headbutt those who attack you in melee.


Message History

You furiously retaliate!
You headbutt the gnoll. The gnoll hits you but does no damage.
The gnoll hits you with a +0 spear.
* * * LOW HITPOINT WARNING * * *
The gnoll closely misses you.
You slash the gnoll! You headbutt the gnoll.
You kill the gnoll!
Trog accepts your kill. The gnoll barely misses you.
The gnoll hits you from afar with a +0 halberd!
* * * LOW HITPOINT WARNING * * *
Aiming: Polymorph
Press: ? - help, Q - select action, (/) - cycle Shift-Dir - straight line, f/p - gnoll
Aim: a gnoll, wielding a +0 halberd (will become a dart slug, a howler monkey, or a rat, chance to affect: 57%)
The gnoll evaporates and reforms as a rat!
You closely miss the rat. The rat closely misses you.
The rat barely misses you. You furiously retaliate!
You headbutt the rat!
You kill the rat!
Trog accepts your kill.
The gnoll returns to its original shape as it dies.
Things that are here:
a +0 spear; a gnoll corpse You see here a +0 halberd.
You feel yourself speed up.
You recover from your berserk rage.
An iguana comes into view.
An iguana is nearby!
You are too injured to fight recklessly!
You are too injured to fight recklessly!
The iguana hisses angrily.
Found 6 gold pieces.
Found a whip.
The iguana bites you!
* * * LOW HITPOINT WARNING * * *
You hit the iguana but do no damage. Your headbutt misses the iguana.
The iguana bites you but does no damage.
You closely miss the iguana. The iguana bites you.
* * * LOW HITPOINT WARNING * * *
You hit the iguana but do no damage. The iguana barely misses you.
The iguana bites you!
You die...

#.# #.# ###'###.# #
#..†.##.# #. #....##.# +..
#.†..##.# #..)
#########....##.# #....
.....†....#+###..
#..$..#############.#.#####
..........@l.)))).†........
###################.#......
.$...#### #.##.# #.. .# #..
# ...# #.#


You could see an iguana.

Vanquished Creatures
  Prince Ribbit (D:5)
  An ice beast (D:5)
  A phantom (D:5)
  A necrophage (D:5)
  A jelly (D:5)
  A hound (D:5)
  2 gnoll boudas (D:5)
  3 iguanas (D:5)
  9 gnolls (D:5)
  7 adders
  An ufetubus (D:5)
  A worm (D:2)
  4 dart slugs
  9 orcs
  5 ball pythons
  5 endoplasms
  3 giant cockroaches
  4 goblins
  9 hobgoblins
  9 jackals
  9 kobolds
  2 quokkas
  6 bats
  11 rats
105 creatures vanquished.

Notes
Turn   | Place    | Note
-------+----------+-------------------------------------------
     0 | D:1      | QueenGhuleh the Minotaur Berserker began the quest for the
                  | Orb.
     0 | D:1      | Reached XP level 1. HP: 19/19 MP: 0/0
   285 | D:1      | Reached XP level 2. HP: 25/27 MP: 1/1
   476 | D:1      | Reached skill level 4 in Axes
   669 | D:1      | Found a faded altar of an unknown god.
   863 | D:1      | Reached XP level 3. HP: 33/33 MP: 2/2
   961 | D:1      | Reached ** piety under Trog
  1475 | D:2      | Identified the +5 ring mail of Good Intentions {Int+2}
  1563 | D:2      | Reached skill level 5 in Axes
  1563 | D:2      | Reached XP level 4. HP: 41/41 MP: 3/3
  1965 | D:3      | Upgraded the game from 0.29.1-1-gd02db6906a to
                  | 0.29.1-12-g30fa7ad0bf
  2251 | D:3      | Found an opulent altar of Gozag.
  2251 | D:3      | Found a hazy altar of Hepliaklqana.
  2258 | D:3      | Found a radiant altar of Vehumet.
  2260 | D:3      | Found a basalt altar of Yredelemnul.
  2262 | D:3      | Found a broken altar of Ashenzari.
  2714 | D:3      | Reached XP level 5. HP: 45/47 MP: 4/4
  2940 | D:3      | You fall into a shaft and drop 2 floors!
  2940 | D:5      | Entered Level 5 of the Dungeon
  3088 | D:5      | Reached skill level 6 in Axes
  3171 | D:5      | Noticed an ice beast
  3189 | D:5      | Killed an ice beast
  3190 | D:5      | Reached skill level 5 in Armour
  3190 | D:5      | Reached XP level 6. HP: 11/55 MP: 5/5
  3460 | D:5      | Reached skill level 5 in Fighting
  3776 | D:5      | Reached XP level 7. HP: 52/61 MP: 6/6
  4095 | D:5      | Noticed Prince Ribbit
  4108 | D:5      | Reached *** piety under Trog
  4112 | D:5      | Killed Prince Ribbit
  4113 | D:5      | Reached skill level 7 in Axes
  4113 | D:5      | Reached skill level 1 in Polearms
  4173 | D:5      | HP: 2/64 [iguana (4)]
  4174 | D:5      | Mangled by an iguana

Illustrated notes

Levels and vault maps discovered:
D:1:      co_arrival_square_in_a_square_in_a_square, layout_basic,
          dreamdust_ecumenical_altar_sealed_demon
D:2:      layout_loops_corners
D:3:      minmay_thinvault, layout_basic, chequers_temple_overflow_minitemple,
          feat_on_display
D:5:      layout_basic, uniq_prince_ribbit1

Skill      XL: |  1  2  3  4  5  6  7 |
---------------+----------------------+-----
Fighting       | 4 5 6 |  6.4
Axes           | 4 5 6 7 |  7.1
Armour         | 3 5 6 |  6.4
Dodging        | 3 |  3.3
Polearms       | 1 |  1.2

Action                   |  1- 3 |  4- 6 |  7- 9 || total
-------------------------+-------+-------+-------++-------
Melee: Hand axe          |   114 |   157 |    10 ||   281
       Headbutt          |     9 |    27 |     8 ||    44
       Punch             |     2 |     1 |       ||     3
       Halberd           |       |       |    28 ||    28
Invok: Berserk           |       |     3 |     2 ||     5
Evoke: Wand              |       |       |     2 ||     2
 Stab: Paralysed         |       |       |     3 ||     3
Armor: Chain mail        |    59 |    77 |    17 ||   153
Dodge: Dodged            |    45 |    70 |    22 ||   137
